 Dungeon Crawl Stone Soup version 0.24-b1 (webtiles) character file.

Game seed: 17493818262731321569, levelgen mode: deterministic

45471 Flugkiller the Nimble (level 14, -2/94 HPs)
             Began as an Octopode Assassin on Oct 12, 2019.
             Was a Believer of Uskayaw.
             Slain by a warg (18 damage)
             ... on level 1 of the Orcish Mines.
             The game lasted 00:33:57 (20471 turns).

Flugkiller the Nimble (Octopode Assassin)          Turns: 20471, Time: 00:33:58

Health: -2/94      AC:  1    Str: 11    XL:     14   Next: 33%
Magic:  31/31      EV: 29    Int: 14    God:    Uskayaw [**....]
Gold:   1711       SH: 19    Dex: 20    Spells: 13/13 levels left

rFire    . . .     SeeInvis .   n - +7 rapier (chaos)
rCold    . . .     Gourm    .   x - +2 large shield
rNeg     . . .     Faith    .   (helmet restricted)
rPois    +         Spirit   .   B - amulet of magic regeneration
rElec    .         Reflect  .   l - ring of poison resistance
rCorr    .         Harm     .   t - ring of magical power
MR       +....                  y - ring of Phasing {EV+8}
Stlth    ++++......             J - +3 ring of dexterity
HPRegen  0.25/turn              (no ring)
MPRegen  0.47/turn              (no ring)
                                (no ring)
                                (no ring)

@: no status effects
A: almost no armour, stealthy swim, amphibious, 8 rings, constrict 8, camouflage
1, gelatinous body 1
a: Stomp, Line Pass, Renounce Religion


You were on level 1 of the Orcish Mines.
You worshipped Uskayaw.
Uskayaw was aware of your devotion.
You were not hungry.

You visited 4 branches of the dungeon, and saw 18 of its levels.

You collected 1711 gold pieces.

Inventory:

Hand Weapons
 n - a +7 rapier of chaos (weapon)
   (You took it off an orc on level 3 of the Dungeon)
 F - a +4 scimitar of flaming
   (You took it off Erica on level 8 of the Dungeon)
Missiles
 b - 49 poisoned darts (quivered)
 e - 8 curare-tipped darts
 r - a throwing net
Armour
 x - a +2 large shield (worn)
   (You found it on level 5 of the Dungeon)
 M - a +2 buckler
   (You took it off a spriggan on level 6 of the Lair of Beasts)
Jewellery
 l - a ring of poison resistance (left tentacle)
   (You found it on level 2 of the Dungeon)
 t - a ring of magical power (right tentacle)
   (You found it on level 4 of the Dungeon)
 y - the ring of Phasing (on tentacle) {EV+8}
   (You found it on level 6 of the Dungeon)

   [ring of evasion]

   It affects your evasion (+8).
 B - an amulet of magic regeneration (around mantle)
   (You found it on level 8 of the Dungeon)
 J - a +3 ring of dexterity (on tentacle)
   (You found it on level 5 of the Lair of Beasts)
 L - an uncursed ring of fire
   (You found it on level 4 of the Lair of Beasts)
Wands
 c - a wand of polymorph (9)
   (You took it off Blork the orc on level 6 of the Dungeon)
 v - a wand of scattershot (5)
   (You found it on level 6 of the Lair of Beasts)
 w - a wand of iceblast (7)
   (You found it on level 5 of the Dungeon)
 C - a wand of paralysis (6)
   (You found it on level 6 of the Dungeon)
Scrolls
 i - 7 scrolls of teleportation
 j - 7 scrolls of remove curse
 o - 2 scrolls of fog
 q - 3 scrolls of immolation
 A - a scroll of identify
 G - 2 scrolls of brand weapon
 H - a scroll of magic mapping
 N - a scroll of fear
Potions
 f - a potion of lignification
 h - a potion of haste
 k - a potion of brilliance
 m - a potion of mutation
 p - a potion of berserk rage
 s - 3 potions of curing
 u - 2 potions of resistance
 z - 3 potions of ambrosia
 D - 3 potions of agility
 E - a potion of heal wounds
 I - a potion of invisibility
 K - a potion of cancellation
Miscellaneous
 g - a phantom mirror
Comestibles
 a - 20 chunks of flesh
 d - 23 rations


   Skills:
 - Level 8.0 Fighting
 + Level 11.9 Short Blades
 - Level 2.0 Throwing
 - Level 12.0 Dodging
 - Level 5.3 Stealth
 + Level 11.9 Shields
 - Level 11.0 Invocations
 - Level 5.2 Evocations


You had 13 spell levels left.
You didn't know any spells.
Your spell library contained the following spells:

 Spells                   Type           Power        Failure   Level  Hunger
 Magic Dart               Conj           #...         83%         1    ##.....
 Searing Ray              Conj           #.....       93%         2    ###....
 Dazzling Spray           Conj/Hex       #.....       99%         3    ####...
 Force Lance              Conj/Tloc      #.......     100%        4    #####..
 Fulminant Prism          Conj/Hex       #.........   100%        4    #####..
 Iskenderun's Mystic Bla  Conj           #.......     100%        4    #####..


Dungeon Overview and Level Annotations

Branches:
Dungeon (9/15)             Temple (1/1) D:4            Lair (6/6) D:8
 Shoals (0/4) Lair:4       Spider (0/4) Lair:3        Slime (0/5) Lair:5
    Orc (2/2) D:9
    Elf: Orc:2

Altars:
Ashenzari
Cheibriados
Dithmenos
Elyvilon
Fedhas
Gozag
Hepliaklqana
Kikubaaqudgha
Makhleb
Nemelex Xobeh
Okawaru
Qazlal
Ru
Sif Muna
Trog
Uskayaw
Vehumet
Wu Jian
Xom
Yredelemnul
Zin
The Shining One

Shops:
D:8 :   Orc:1 :


Innate Abilities, Weirdness & Mutations

You cannot wear most types of armour.
You are very stealthy in the water. (Stealth+)
You are amphibious.
You can wear up to eight rings at the same time.
You can use your tentacles to constrict eight enemies at once.
Your skin changes colour to match your surroundings (Stealth+).
Your rubbery body absorbs attacks. (AC +1, EV +1)


Message History

The warg pauses to sniff the ground.
The warg bites you! The warg misses you.
Some of the chunks of flesh in your inventory have rotted away.
You block the warg's attack. The warg misses you. You block the warg's attack.
The warg misses you. You block the warg's attack. x2
There is a stone staircase leading up here.
Things that are here:
a +0 dagger; a +0 robe You block the warg's attack.
The warg completely misses you.
You climb upwards.
Reactivating autopickup.
There is a stone staircase leading down here.
You hit the warg.
The warg flickers and vanishes!
Deactivating autopickup; reactivate with Ctrl-A.
You squeeze something! You block the warg's attack. Something bites you!!
You are too injured to fight recklessly!
You are too injured to fight recklessly!
You are too injured to fight recklessly!
You barely miss the warg. Something bites you!
* * * LOW HITPOINT WARNING * * *
You block the warg's attack.
You hit the warg.
The warg is lightly wounded.
You block the warg's attack. Something closely misses you.
Unknown command.
You puncture the warg!
The warg seems to speed up.
You squeeze the warg.
The warg is heavily wounded.
You block the warg's attack.
Unknown command.
You hit the warg.
The warg is severely wounded.
Something closely misses you. The warg completely misses you.
Something bites you.
* * * LOW HITPOINT WARNING * * *
You puncture the warg! You burn the warg. Your squeeze misses the warg.
The warg is almost dead.
The warg bites you!
* * * LOW HITPOINT WARNING * * *
You block the warg's attack. Something bites you!
* * * LOW HITPOINT WARNING * * *
You can now pass through a line of other dancers.
You barely miss the warg.
The warg is almost dead.
You block the warg's attack.
Unknown command.
You barely miss the warg. Your squeeze misses the warg.
The warg is almost dead.
The warg completely misses you. Something bites you!!
You die...

###...##....................
##..####......#........#...
#...##.....................
##............).....>......
##........................
##........)................
#..........................
##.........................
##.#....{@..[)............
####.......h..)............
###..##........).[...........
##...........................#
#...........#............#...#
##......##.....................
#...#.#####..................##
#...#.## #.......##...........
##.#...# ##..#...##...........


You could see a warg.

Vanquished Creatures
  Nessos (Lair:5)
  Snorg (Lair:6)
  6 hydras
  Erica (D:8)
  An orc knight (Orc:2)
  A moth of wrath (shapeshifter) (Lair:5)
  5 elephants (Lair:2)
  3 black mambas
  A torpor snail (Lair:3)
  10 spiny frogs
  A rime drake (Lair:6)
  13 komodo dragons
  A merfolk (shapeshifter) (Lair:6)
  4 trolls
  18 blink frogs
  10 dream sheep (Lair:6)
  6 hornets (Lair:6)
  6 polar bears (Lair:6)
  Prince Ribbit (D:7)
  6 hippogriffs
  A vampire (D:9)
  16 spriggans (Lair:6)
  A spriggan (shapeshifter) (Lair:1)
  27 yaks
  2 basilisks
  3 wyverns
  A hungry ghost (D:9)
  A steam dragon (Lair:4)
  8 water moccasins
  A soldier ant (Lair:5)
  4 wargs
  2 ice beasts
  8 porcupines
  7 orc warriors
  A sky beast (D:6)
  2 necrophages (D:8)
  4 black bears
  9 ogres
  2 eyes of draining (D:8)
  A phantom (D:8)
  3 boggarts (Lair:6)
  3 centaurs
  31 wolves
  7 crocodiles
  Blork the orc (D:6)
  15 bullfrogs
  4 scorpions
  3 wights
  2 jellies
  13 orc wizards
  5 orc priests
  5 hounds
  A centaur skeleton (D:4)
  Terence (D:3)
  Jessica (D:3)
  7 worker ants
  7 iguanas
  A hound zombie (D:7)
  A worker ant zombie (D:5)
  7 gnolls
  9 adders
  2 shadow imps
  5 oozes
  An adder zombie (D:8)
  3 adder skeletons
  4 worms
  3 dart slugs
  4 leopard geckos
  39 orcs
  8 bats
  10 giant cockroaches
  13 hobgoblins
  7 kobolds
  8 quokkas
  A ball python (D:2)
  5 frilled lizards
  9 goblins
  A quokka skeleton (D:4)
  2 quokka zombies (D:5)
  8 rats
  A bush (D:1)
  A fungus (Lair:6)
  2 plants (D:1)
461 creatures vanquished.

Vanquished Creatures (collateral kills)
  A yak (Lair:3)
1 creature vanquished.

Vanquished Creatures (others)
  An orc warrior (Orc:1)
  4 fungi
  6 plants
11 creatures vanquished.

Grand Total: 473 creatures vanquished

Notes
Turn   | Place    | Note
-------+----------+-------------------------------------------
     0 | D:1      | Flugkiller the Octopode Assassin began the quest for the
                  | Orb.
     0 | D:1      | Reached XP level 1. HP: 14/14 MP: 1/1
   305 | D:1      | Reached XP level 2. HP: 15/20 MP: 2/2
   583 | D:1      | Reached skill level 2 in Dodging
   656 | D:1      | Reached XP level 3. HP: 25/25 MP: 3/3
  1338 | D:1      | Reached XP level 4. HP: 8/31 MP: 4/4
  1768 | D:2      | Found a glowing golden altar of the Shining One.
  1885 | D:2      | Reached skill level 3 in Dodging
  2390 | D:3      | Noticed Jessica
  2411 | D:3      | Killed Jessica
  2411 | D:3      | Reached XP level 5. HP: 31/37 MP: 5/5
  2699 | D:3      | Noticed Terence
  2725 | D:3      | Killed Terence
  3478 | D:4      | Reached skill level 4 in Dodging
  3483 | D:4      | Reached XP level 6. HP: 44/44 MP: 6/6
  3831 | D:4      | Reached skill level 5 in Fighting
  3929 | D:4      | Found a staircase to the Ecumenical Temple.
  3945 | Temple   | Entered the Ecumenical Temple
  4060 | Temple   | Became a worshipper of Uskayaw the Reveler
  4308 | D:5      | Entered Level 5 of the Dungeon
  4315 | D:5      | Found a white marble altar of Elyvilon.
  4346 | D:5      | Reached * piety under Uskayaw
  4372 | D:5      | Reached skill level 1 in Invocations
  4372 | D:5      | Reached XP level 7. HP: 50/50 MP: 7/7
  4881 | D:5      | Reached ** piety under Uskayaw
  4885 | D:5      | Reached skill level 5 in Dodging
  5110 | D:5      | Reached *** piety under Uskayaw
  5421 | D:5      | Reached XP level 8. HP: 55/55 MP: 10/10
  6064 | D:6      | Found a sparkling altar of Nemelex Xobeh.
  6065 | D:6      | Reached skill level 5 in Short Blades
  6072 | D:6      | Reached skill level 5 in Invocations
  6367 | D:6      | Found a hazy altar of Hepliaklqana.
  6412 | D:6      | Reached skill level 1 in Shields
  6469 | D:6      | Noticed Blork the orc
  6677 | D:6      | Killed Blork the orc
  7605 | D:6      | Found the ring of Phasing {EV+8}
  7701 | D:6      | well, ring of phasing on D:6, wow
  8272 | D:7      | Noticed Prince Ribbit
  8283 | D:7      | Killed Prince Ribbit
  8283 | D:7      | Reached XP level 9. HP: 61/61 MP: 12/12
  8893 | D:8      | Noticed Erica
  8919 | D:8      | Killed Erica
  8919 | D:8      | Reached skill level 6 in Dodging
  8957 | D:8      | Reached **** piety under Uskayaw
  9034 | D:8      | Found Geamn's Book Shop.
  9077 | D:8      | Found an opulent altar of Gozag.
  9137 | D:8      | Reached skill level 7 in Dodging
  9199 | D:8      | Reached XP level 10. HP: 65/69 MP: 13/13
  9211 | D:8      | Reached ***** piety under Uskayaw
  9407 | D:8      | Found a staircase to the Lair.
  9434 | D:8      | Reached skill level 8 in Dodging
  9721 | Lair:1   | Entered Level 1 of the Lair of Beasts
  9736 | Lair:1   | Reached skill level 9 in Dodging
 10264 | Lair:1   | Reached XP level 11. HP: 70/73 MP: 15/15
 10285 | Lair:1   | Reached skill level 5 in Shields
 10304 | Lair:1   | Got a dazzling trident
 10849 | Lair:2   | Identified the +8 trident of Conscience {drain, rF+ Str-4
                  | Stlth+} (You found it on level 1 of the Lair of Beasts)
 10981 | Lair:2   | Noticed a four-headed hydra
 11008 | Lair:2   | Killed a one-headed hydra
 11008 | Lair:2   | Reached skill level 10 in Dodging
 11880 | Lair:3   | Reached XP level 12. HP: 72/80 MP: 17/17
 12059 | Lair:3   | Reached skill level 10 in Short Blades
 12060 | Lair:3   | Found a hole to the Spider Nest.
 12274 | Lair:3   | Noticed a five-headed hydra
 12289 | Lair:3   | Killed a one-headed hydra
 12388 | Lair:3   | Reached skill level 11 in Dodging
 12878 | Lair:3   | Got an iridescent flail
 13322 | Lair:4   | You fall into a shaft and drop 2 floors!
 13322 | Lair:6   | Entered Level 6 of the Lair of Beasts
 13477 | Lair:6   | Noticed a six-headed hydra
 13503 | Lair:6   | Killed a one-headed hydra
 13516 | Lair:6   | Reached skill level 10 in Shields
 14096 | Lair:6   | Noticed a four-headed hydra
 14363 | Lair:5   | Reached skill level 5 in Evocations
 14588 | Lair:5   | Reached XP level 13. HP: 86/86 MP: 19/19
 14625 | Lair:5   | Noticed Nessos
 14634 | Lair:4   | HP: 1/86 [komodo dragon (29)]
 14635 | Lair:4   | Found a staircase to the Shoals.
 15740 | Lair:5   | Killed Nessos
 15855 | Lair:5   | Found a staircase to the Slime Pits.
 16325 | Lair:6   | Reached ****** piety under Uskayaw
 16678 | Lair:6   | Noticed Snorg
 16683 | Lair:6   | Reached skill level 10 in Invocations
 16688 | Lair:6   | Killed Snorg
 17390 | Lair:6   | Reached skill level 12 in Dodging
 17612 | Lair:6   | Reached XP level 14. HP: 94/94 MP: 21/21
 19496 | D:9      | Found a staircase to the Orcish Mines.
 19685 | Orc:1    | Entered Level 1 of the Orcish Mines
 20114 | Orc:1    | Found Giteis's Book Boutique.
 20181 | Orc:2    | Entered Level 2 of the Orcish Mines
 20471 | Orc:1    | Slain by a warg

Skill      XL: |  1  2  3  4  5  6  7  8  9 10 11 12 13 14 |
---------------+-------------------------------------------+-----
Dodging        | 2 3 4 5 7 9 10 11 12 | 12.0
Fighting       | 3 4 5 6 7 8 |  8.0
Invocations    | 1 3 5 7 9 10 11 | 11.0
Short Blades   | 4 5 7 8 9 10 11 | 11.9
Shields        | 1 4 6 10 11 | 11.9
Evocations     | 4 5 |  5.2
Throwing       | |  2.0
Stealth        | |  5.3

Action                   |  1- 3 |  4- 6 |  7- 9 | 10-12 | 13-15 || total
-------------------------+-------+-------+-------+-------+-------++-------
Melee: Dagger            |   197 |    66 |       |       |       ||   263
       Constrict         |    16 |    30 |    24 |    25 |    90 ||   185
       Tentacles         |    59 |    19 |    29 |    86 |   144 ||   337
       Rapier            |       |    49 |   148 |   364 |   526 ||  1087
       Scimitar          |       |       |       |    17 |     7 ||    24
Throw: Dart              |       |    30 |    33 |     1 |    12 ||    76
Invok: Stomp             |       |       |     5 |     3 |     1 ||     9
       Line Pass         |       |       |       |     1 |     1 ||     2
       Grand Finale      |       |       |       |       |     2 ||     2
Evoke: Wand              |       |       |     4 |     2 |     7 ||    13
  Use: Scroll            |       |    11 |    10 |     8 |     5 ||    34
       Potion            |       |     2 |     1 |     2 |     2 ||     7
 Stab: Sleeping          |    14 |    27 |    19 |    18 |    15 ||    93
       Paralysed         |       |       |     4 |    21 |    38 ||    63
       Distracted        |       |       |       |     2 |     1 ||     3
       Petrified         |       |       |       |     2 |       ||     2
       Petrifying        |       |       |       |     1 |     1 ||     2
       Confused          |       |       |       |     3 |     2 ||     5
  Eat: Ration            |     1 |       |     1 |       |     2 ||     4
       Chunk             |       |     7 |    13 |    18 |    15 ||    53
Armor: Skin              |     3 |     2 |     2 |     2 |     3 ||    12
Dodge: Dodged            |    21 |    48 |    90 |   232 |   291 ||   682
Block: Buckler           |     5 |    12 |    11 |    51 |       ||    79
       Large shield      |       |       |       |    25 |   400 ||   425
       Rpst.: Scimitar   |       |       |       |     4 |     1 ||     5
